 Dungeon Sprint DCSS version 0.28-a0-224-g76b539d98b (webtiles) character file.

Game seed: 9753624164292342417

1638 Conn the Covert (level 8, -5/81 HPs)
             Began as an Octopode Fire Elementalist on Aug 21, 2021.
             Was a High Priest of Sif Muna.
             Slain by an orange demon (6 damage)
             ... in the Dungeon (Sprint VII: "The Pits").
             The game lasted 00:07:16 (1267 turns).

Conn the Covert (Octopode Fire Elementalist)        Turns: 1267, Time: 00:07:18

Health: -5/81      AC:  1    Str: 13    XL:     8   Next: 98%
Magic:  6/19       EV: 15    Int: 20    God:    Sif Muna [*****.]
Gold:   0          SH:  0    Dex: 12    Spells: 3/22 levels left

rFire   . . .      SeeInvis .   o - +2 rapier (venom)
rCold   . . .      Faith    .   (no shield)
rNeg    . . .      Spirit   .   (helmet restricted)
rPois   .          Reflect  .   (no amulet)
rElec   .          Harm     .   l - +3 ring of strength
rCorr   .          Rampage  .   m - +3 ring of strength
Will    .....      NoTele   +   (no ring)
Stlth   ..........              (no ring)
HPRegen 0.23/turn               (no ring)
MPRegen 0.16/turn               (no ring)
                                (no ring)
                                (no ring)

@: berserking, hasted, very quick
A: almost no armour, amphibious, 8 rings, camouflage 1, gelatinous body 1,
(nimble swimmer 1), tentacles
a: Renounce Religion, Channel Magic, Forget Spell, Divine Exegesis


You were in the Dungeon.
You worshipped Sif Muna.
Sif Muna was extremely pleased with you.
You visited 1 branch

Inventory:

Hand Weapons
 g - a +2 dagger
 k - a +2 dagger of electrocution
 o - a +2 rapier of venom (weapon)
Jewellery
 l - a +3 ring of strength (left tentacle)
 m - a +3 ring of strength (right tentacle)
Scrolls
 f - a scroll of blinking
 i - 5 scrolls of amnesia
 j - a scroll of summoning
Potions
 a - 9 potions of curing
 b - 4 potions of heal wounds
 c - a potion of haste
 d - 4 potions of magic
 e - 2 potions of berserk rage
 h - a potion of invisibility
 n - 2 potions of resistance


   Skills:
 + Level 4.3 Fighting
 + Level 7.1 Short Blades
 + Level 6.1 Dodging
 - Level 11.0 Stealth
 + Level 7.6 Spellcasting
 * Level 7.0 Conjurations
 + Level 0.9 Necromancy
 + Level 10.7 Fire Magic


You had 3 spell levels left.
You knew the following spells:

 Your Spells              Type           Power      Damage    Failure   Level
a - Foxfire               Conj/Fire      100%       2x1d9     1%          1
b - Conjure Flame         Conj/Fire      43%        6-21      1%          3
c - Inner Flame           Hex/Fire       29%        N/A       3%          3
d - Sticky Flame          Conj/Fire      43%        2d6       2%          4
e - Fireball              Conj/Fire      21%        3d10      6%          5
f - Searing Ray           Conj           70%        3d5       1%          2
g - Animate Skeleton      Necr           22%        N/A       6%          1

Your spell library contained the following spells:

 Spells                   Type           Power      Damage    Failure   Level
 Iskenderun's Battlesphe  Conj           35%        2d9       14%         5
 Irradiate                Conj/Tmut      10%        3d17      52%         5
 Lightning Bolt           Conj/Air       10%        1d23      52%         5
 Iron Shot                Conj/Erth      10%        9d3       97%         6
 Orb of Destruction       Conj           17%        9d8       99%         7


Dungeon Overview and Level Annotations

Branches:
Dungeon (1/1)

Altars:
Ashenzari
Cheibriados
Dithmenos
Elyvilon
Fedhas
Gozag
Hepliaklqana
Kikubaaqudgha
Makhleb
Nemelex Xobeh
Okawaru
Qazlal
Ru
Sif Muna
Trog
Uskayaw
Vehumet
Wu Jian
Xom
Yredelemnul
Zin
The Shining One
Beogh
Jiyva
Lugonu


Innate Abilities, Weirdness & Mutations

You cannot wear most types of armour.
You are amphibious.
You can wear up to eight rings at the same time.
Your skin changes colour to match your surroundings (Stealth+).
Your rubbery body absorbs attacks. (AC +1, EV +1)
((You are camouflaged near water. (Stealth+)))
You have tentacles for arms and can constrict up to eight enemies at once.


Message History

The wolf bites you. The orange demon closely misses you.
You closely miss the wolf. You grab the wolf. You constrict the wolf.
The wolf bites you.
You puncture the wolf!
The wolf looks as sick as possible!
The wolf is severely wounded.
You constrict the wolf, but do no damage.
The orange demon stings you from afar.
* * * LOW HITPOINT WARNING * * *
The wolf misses you.
You hit the wolf.
The wolf looks as sick as possible!
The wolf is almost dead.
You constrict the wolf.
You kill the wolf!
Sif Muna accepts your kill.
Your Short Blades skill increases to level 7!
Your Conjurations skill increases to level 7!
The orange demon closely misses you. The orange demon hits you.
* * * LOW HITPOINT WARNING * * *
There is a huge open gate to the Metal Vault (Medium), spattered with blood here.
You puncture the orange demon! Your grab misses the orange demon.
Your squeeze misses the orange demon.
The orange demon is lightly wounded.
The orange demon stings you!
* * * LOW HITPOINT WARNING * * *
The orange demon misses you.
You are too berserk!
Unknown command.
You are too berserk!
Unknown command.
You puncture the orange demon!
The orange demon is poisoned.
You grab the orange demon.
The orange demon is moderately wounded.
You constrict the orange demon, but do no damage.
You hit the orange demon.
The orange demon looks as sick as possible!
You squeeze the orange demon!
The orange demon is severely wounded.
You constrict the orange demon, but do no damage.
The orange demon stings you.
You die...

___.#
_...###########++######
###'##................#
))'.##......#..#......#
###.##................+
.....'................+
)#####......#.)#......#
)#..##......†..)):....#
.#).#####'#####'@######
##))##.......##'4#
.#))##.......##..##
.#[[##.......##...##
.#'###...<...###...##+##.
....##.......# ##.)......
....##.......# #.)###+###
######.......##..##
.#..###########.z


You could see an orange demon (extremely poisoned).

Vanquished Creatures
  A merfolk siren (D)
  A hellwing (D)
  A steam dragon (D)
  Edmund (D)
  A floating eye (D)
  A wolf (D)
  A centaur (D)
  13 wights (D)
  A jelly (D)
  A hound (D)
  An iguana (D)
  A gnoll (D)
  An ufetubus (D)
  2 worms (D)
  An orc (D)
  A bat (D)
  An endoplasm (D)
  A giant cockroach (D)
  2 goblins (D)
  2 hobgoblins (D)
  A kobold (D)
36 creatures vanquished.

Vanquished Creatures (others)
  24 foxfires (D)
24 creatures vanquished.

Grand Total: 60 creatures vanquished

Notes
Turn   | Place    | Note
-------+----------+-------------------------------------------
     0 | D        | Conn the Octopode Fire Elementalist began the quest for the
                  | Orb.
     0 | D        | Reached XP level 1. HP: 11/11 MP: 3/3
    42 | D        | Found a glowing golden altar of the Shining One.
    42 | D        | Found a glowing silver altar of Zin.
    42 | D        | Found a basalt altar of Yredelemnul.
    42 | D        | Found a shimmering altar of Xom.
    42 | D        | Found an ornate altar of the Wu Jian Council.
    42 | D        | Found a bloodstained altar of Trog.
    42 | D        | Found a shimmering blue altar of Sif Muna.
    42 | D        | Found a sacrificial altar of Ru.
    42 | D        | Found a stormy altar of Qazlal.
    42 | D        | Found an iron altar of Okawaru.
    42 | D        | Found a sparkling altar of Nemelex Xobeh.
    42 | D        | Found a burning altar of Makhleb.
    42 | D        | Found a viscous altar of Jiyva.
    42 | D        | Found a hazy altar of Hepliaklqana.
    42 | D        | Found an opulent altar of Gozag.
    42 | D        | Found a blossoming altar of Fedhas.
    42 | D        | Found a white marble altar of Elyvilon.
    42 | D        | Found a shadowy altar of Dithmenos.
    42 | D        | Found a snail-covered altar of Cheibriados.
    43 | D        | Found a radiant altar of Vehumet.
    43 | D        | Found a corrupted altar of Lugonu.
    44 | D        | Found an ancient bone altar of Kikubaaqudgha.
    44 | D        | Found a hide-covered altar of Uskayaw.
    44 | D        | Found a broken altar of Ashenzari.
    45 | D        | Became a worshipper of Sif Muna the Loreminder
    60 | D        | Reached skill level 3 in Stealth
    82 | D        | Reached * piety under Sif Muna
    90 | D        | Reached XP level 2. HP: 14/17 MP: 0/5
   142 | D        | Noticed a floating eye
   143 | D        | Noticed Edmund
   144 | D        | Paralysed by a floating eye for 2 turns
   149 | D        | Reached ** piety under Sif Muna
   151 | D        | Killed a floating eye
   152 | D        | Reached skill level 5 in Stealth
   152 | D        | Reached XP level 3. HP: 22/22 MP: 5/8
   152 | D        | Reached XP level 4. HP: 27/27 MP: 6/10
   156 | D        | Killed Edmund
   157 | D        | Reached skill level 1 in Fighting
   157 | D        | Reached skill level 7 in Stealth
   157 | D        | Reached XP level 5. HP: 24/33 MP: 7/12
   323 | D        | Noticed a centaur
   339 | D        | Reached *** piety under Sif Muna
   340 | D        | Reached skill level 5 in Spellcasting
   340 | D        | Reached XP level 6. HP: 19/38 MP: 13/13
   393 | D        | Learned a level 3 spell: Conjure Flame
   397 | D        | Learned a level 3 spell: Inner Flame
   402 | D        | Learned a level 4 spell: Sticky Flame
   574 | D        | Reached skill level 8 in Stealth
   579 | D        | Reached **** piety under Sif Muna
   585 | D        | Reached XP level 7. HP: 16/45 MP: 3/15
   601 | D        | Reached skill level 5 in Dodging
   823 | D        | Learned a level 5 spell: Fireball
   826 | D        | Reached ***** piety under Sif Muna
   828 | D        | Received a gift from Sif Muna
   829 | D        | Reached skill level 9 in Stealth
   829 | D        | Reached skill level 10 in Fire Magic
   829 | D        | Got Sif Muna's Handbook of Conjuration and Dark Magic {god
                  | gift}
   836 | D        | Learned a level 2 spell: Searing Ray
   883 | D        | Noticed a steam dragon
   885 | D        | Killed a steam dragon
   893 | D        | Reached skill level 5 in Conjurations
   895 | D        | Reached skill level 5 in Short Blades
   895 | D        | Reached skill level 10 in Stealth
   972 | D        | Learned a level 1 spell: Animate Skeleton
   984 | D        | Noticed a hellwing
   984 | D        | Noticed a merfolk siren
   991 | D        | Killed a hellwing
   992 | D        | Reached XP level 8. HP: 48/52 MP: 0/18
   992 | D        | Received a gift from Sif Muna
   993 | D        | Got Sif Muna's Tome of Confrontation {god gift}
  1005 | D        | Killed a merfolk siren
  1217 | D        | Noticed an orange demon
  1219 | D        | Reached skill level 11 in Stealth
  1260 | D        | Received a gift from Sif Muna
  1265 | D        | HP: 1/81 [orange demon (14)]
  1267 | D        | Slain by an orange demon

Illustrated notes

Levels and vault maps discovered:
D:        pitsprint [storerooms_1, entrance_room_1, metal_vault_5, armoury_1,
          mini_pit_1, grid_room_1, main_hall_1, silver_pit, the_coven_1,
          the_vestibule_1, steel_vault_3, golden_pit, hallway_of_sentries,
          crystal_vault_3, iron_vault_5, final_vault]

Skill      XL: |  1  2  3  4  5  6  7  8 |
---------------+-------------------------+-----
Stealth        | 3 5 7 8 10 11 | 11.0
Fire Magic     | 4 7 8 9 10 | 10.7
Dodging        | 3 4 5 6 |  6.1
Spellcasting   | 4 5 6 7 |  7.6
Conjurations   | 2 3 5 7 |  7.0
Fighting       | 1 2 3 4 |  4.3
Short Blades   | 2 3 5 7 |  7.1
Necromancy     | |  0.9

Action                   |  1- 3 |  4- 6 |  7- 9 || total
-------------------------+-------+-------+-------++-------
Melee: Dagger            |     8 |    18 |    19 ||    45
       Constrict         |     2 |     3 |     8 ||    13
       Tentacles         |     2 |     2 |     6 ||    10
       Rapier            |       |       |    12 ||    12
 Cast: Foxfire           |     8 |     4 |     4 ||    16
       Sticky Flame      |       |     2 |    10 ||    12
       Animate Skeleton  |       |       |     2 ||     2
       Fireball          |       |       |     1 ||     1
       Searing Ray       |       |       |     1 ||     1
  Use: Potion            |     2 |     2 |     3 ||     7
 Stab: Invisible         |     1 |     2 |       ||     3
       Sleeping          |       |       |     3 ||     3
       Distracted        |       |       |     1 ||     1
Armor: Skin              |       |       |     2 ||     2
Dodge: Dodged            |     4 |    15 |    31 ||    50

Table legend: (Time is in decaauts)
 A = Elapsed time spent in this place.
 B = Non-inter-level travel time spent in this place.
 C = Inter-level travel time spent in this place.
 D = Time resting spent in this place.
 E = Time spent auto-exploring this place.
 F = Levels seen in this place.
 G = Mean time per level.
                   A        B        C        D        E       F      G
               +--------+--------+--------+--------+--------+-----+--------+
         Total |   1271 |   1271 |      0 |    735 |      0 |   1 | 1271.0 |
       Dungeon |   1271 |   1271 |      0 |    735 |      0 |   1 | 1271.0 |
               +--------+--------+--------+--------+--------+-----+--------+

Top non-repeatable levels by time:
       D: 1271 daAuts
